 Dungeon Crawl Stone Soup version 0.17-a0-1635-gd4e48f1 (console) character file.

14616 Daisuki the Severer (level 12, -2/97 HPs)
             Began as a Naga Fighter on Aug 4, 2015.
             Was the Champion of Okawaru.
             Slain by an orc warrior (11 damage)
             ... in a bailey.
             The game lasted 01:27:29 (15977 turns).

Daisuki the Severer (Naga Fighter)                 Turns: 15977, Time: 01:27:29

Health: -2/97      AC: 15    Str: 23    XL:     12   Next: 18%
Magic:  18/18      EV:  2    Int:  9    God:    Okawaru [******]
Gold:   621        SH: 14    Dex: 18    Spells: 0 memorised, 11 levels left

rFire  . . .     SeeInvis +     a - +3 broad axe (elec) {god gift, #1}
rCold  . . .     Clarity  .     N - quicksilver dragon armour
rNeg   . . .     SustAt   .     U - +0 large shield
rPois  +         Gourm    .     A - +2 hat
rElec  .         Spirit   .     (no cloak)
rCorr  .         Warding  .     (no gloves)
rMut   .         Stasis   .     M - +0 naga barding "Kihodakh" {god gift, Dex+7, #2}
MR     ++...                    r - amulet of faith
Stlth  +++.......               E - ring of stealth
                                J - ring of stealth

@: very slow, very resistant to hostile enchantments, fairly stealthy
A: see invisible, deformed body, poison resistance, slowness 2, slow metabolism
1, spit poison 2, AC +4
a: Spit Poison, Heroism, Finesse, Renounce Religion


You were in a bailey.
You worshipped Okawaru.
Okawaru was exalted by your worship.
You were hungry.

You visited 2 branches of the dungeon, and saw 12 of its levels.
You also visited: Bailey.

You collected 621 gold pieces.

Inventory:

Hand weapons
 a - a +3 broad axe of electrocution (weapon) {god gift, #1}
   (Okawaru gifted it to you on level 10 of the Dungeon)
 b - a +0 blowgun
   (You took it off a kobold on level 7 of the Dungeon)
 f - a +0 arbalest
   (You took it off an orc in a bailey)
Missiles
 d - 55 bolts
 w - 57 poisoned needles
Armour
 A - a +2 hat (worn)
   (You took it off Gastronok on level 9 of the Dungeon)
 M - the +0 naga barding "Kihodakh" (worn) {god gift, Dex+7, #2}
   (Okawaru gifted it to you on level 10 of the Dungeon)

   It affects your dexterity (+7).
 N - a quicksilver dragon armour (worn)
   (You found it on level 5 of the Dungeon)
 U - a +0 large shield (worn)
   (You found it on level 10 of the Dungeon)
Jewellery
 r - an amulet of faith (around neck)
   (You found it on level 7 of the Dungeon)
 E - a ring of stealth (right hand)
   (You found it on level 3 of the Dungeon)
 J - a ring of stealth (left hand)
   (You found it on level 8 of the Dungeon)
 Y - an uncursed ring of fire
   (You took it off an orc warrior on level 10 of the Dungeon)
Magical devices
 g - a wand of draining (12)
   (You found it on level 6 of the Dungeon)
 Q - a wand of lightning (9)
   (You found it on level 10 of the Dungeon)
 S - a wand of digging (16)
   (You took it off Sigmund on level 5 of the Dungeon)
 X - a wand of cold (5)
   (You took it off an orc warrior on level 10 of the Dungeon)
Scrolls
 q - 2 scrolls of recharging
 C - a scroll of magic mapping
 G - 7 scrolls of remove curse
 I - 3 scrolls of teleportation
Potions
 o - a potion of flight
 t - a potion of curing
Miscellaneous
 c - a lantern of shadows
   (You found it on level 10 of the Dungeon)
Comestibles
 e - 13 bread rations
 i - 2 fruits
 p - 3 beef jerkies
 s - 2 meat rations
 x - a royal jelly


   Skills:
 - Level 3.0 Fighting
 * Level 15.0 Axes
 - Level 2.4 Armour
 - Level 2.4 Shields
 + Level 8.3 Invocations
 + Level 8.6 Evocations


You had 11 spell levels left.
You didn't know any spells.

Dungeon Overview and Level Annotations

Branches:
Dungeon (11/15)            Temple (1/1) D:6
   Lair: D:8-11         Orc: D:9-12

Altars:
Ashenzari
Cheibriados
Dithmenos
Elyvilon
Fedhas
Gozag
Kikubaaqudgha
Makhleb
Nemelex Xobeh
Okawaru
Qazlal
Ru
Sif Muna
Trog
Vehumet
Xom
Yredelemnul
Zin
The Shining One

Shops:
D:2 *

Annotations:
D:1 need flight to finish


Innate Abilities, Weirdness & Mutations

You cannot wear boots.
Your serpentine skin is tough (AC +4).
You have supernaturally acute eyesight.
Armour fits poorly on your strangely shaped body.
Your system is resistant to poisons.
You cover ground very slowly.
You have a slow metabolism.
You can spit poison.


Message History

You drop a book of Hinderance.
You drop a wand of flame.
You drop a wand of paralysis.
You drop 2 potions of cancellation.
You drop a potion of poison.
You drop a phantom mirror.
You drop a wand of frost.
You drop a wand of flame.
Unknown command.
Unknown command.
There is a stone staircase leading up here.
You see here a mace.
A shadow imp comes into view.
You block the shadow imp's attack. x2
Your shield prevents you from hitting the shadow imp.
You block the shadow imp's attack.
You closely miss the shadow imp. You block the shadow imp's attack.
You closely miss the shadow imp. You block the shadow imp's attack.
You hit the shadow imp.
The shadow imp is moderately wounded.
You block the shadow imp's attack.
You closely miss the shadow imp.
The shadow imp is moderately wounded.
You block the shadow imp's attack.
You slash the shadow imp!
You kill the shadow imp!
Okawaru accepts your kill.
No target in view!
No target in view!
You are feeling hungry.
Found a runed broad axe.
Eat which item? (? for menu, Esc to quit)
Okay, then.
c - a lantern of shadows You see here a runed broad axe.
d - a runed broad axe
f - a sack of spiders Done exploring.
There is a stone staircase leading down here.
Eat which item? (? for menu, Esc to quit)
Okay, then.
You climb downwards.
You hear the roar of battle.
There is an entrance to a bailey on this level.
Hurry and find it before the portal closes forever!
There is a stone staircase leading up here.
Read which item? (? for menu, Esc to quit)
As you read the scroll of magic mapping, it crumbles to dust.
You feel aware of your surroundings.
You sensed 1 shop/portal.
A hill giant comes into view. It is wielding a giant club.
The hill giant shouts!
Use which ability? (? or * to list)
Press: ? - help, Shift-Dir - straight line, f - hill giant
Aim: a hill giant, wielding a giant club The splash of poison misses the hill giant.
You feel slightly more hungry.
You hit the hill giant.
The hill giant is lightly wounded.
The hill giant hits you with a giant club.
You slash the hill giant!
The hill giant is moderately wounded.
The hill giant hits you with a giant club!!
You hit the hill giant.
The hill giant is moderately wounded.
The hill giant hits you with a giant club!
You hit the hill giant but do no damage.
The hill giant is moderately wounded.
You have got your breath back.
You slice the hill giant!!
The hill giant is severely wounded.
You block the hill giant's attack.
You slice the hill giant!!
The hill giant is almost dead.
The hill giant hits you with a giant club!
You slash the hill giant!
You kill the hill giant!
Okawaru accepts your kill.
Things that are here:
a giant club; a hill giant corpse You butcher the hill giant corpse.
h - 5 chunks of flesh You see here a giant club.
Eat one of 5 chunks of flesh? (ye/n/q/i?) This raw flesh tastes terrible.
You continue eating. x2
You start resting.
You hear the faint creaking of a portcullis nearby.
You start resting.
You hear the faint creaking of a portcullis nearby.
You start resting.
You hear the faint creaking of a portcullis nearby.
(D) Dungeon (T) Temple
Where to? (* - list waypoints, Enter - D:11 @ (x,y), ? - help)
A worker ant comes into view.
Found 16 gold pieces.
You enter the shallow water.
Moving in this stuff is going to be slow. 3 goblins and an orc come into view.
The goblin shouts! x2
You hear a shout!
The goblin moves out of view.
The goblin hits you but does no damage.
The orc moves out of view.
The goblin hits you but does no damage. You block the goblin's attack.
The goblin hits you but does no damage. You block the goblin's attack.
The goblin hits you but does no damage.
Found a flagged portal.
A goblin comes into view. It is wielding a spear.
You slice the goblin!!
You kill the goblin!
Okawaru accepts your kill. You block the goblin's attack.
The goblin hits you but does no damage.
You closely miss the orc. You block the goblin's attack.
You block the orc's attack. The goblin hits you but does no damage.
You slash the orc!
There is a sudden explosion of sparks!
You kill the orc!
Okawaru accepts your kill. The goblin hits you but does no damage.
You block the goblin's attack.
You hit the goblin.
There is a sudden explosion of sparks!
You kill the goblin!
You block the goblin's attack. x2
You block the goblin's attack. The goblin completely misses you.
The goblin hits you but does no damage.
Items here: ))) † a spear; a hand axe; a spear; a goblin corpse Your shield prevents you from hitting the goblin.
You miss the goblin. You block the goblin's attack.
You block the goblin's attack.
Your shield prevents you from hitting the goblin.
You slash the goblin!
There is a sudden explosion of sparks!
You kill the goblin!
Okawaru accepts your kill.
You slash the goblin!
You kill the goblin!
No target in view!
No target in view!
You butcher the goblin corpse.
h - 5 chunks of flesh (gained 1)
Things that are here:
a spear; a hand axe; a spear
Things that are here:
a spear; a goblin corpse You butcher the goblin corpse.
h - 8 chunks of flesh (gained 3)
Things that are here:
a spear; a goblin skeleton
Press: ? - help, v - describe, . - travel, g - get item A spear.
The floor, spattered with blood.
There is a flagged portal here.
Drop what? 31/52 slots (_ for help) (? for menu, Esc to quit)
Okay, then.
Drop what? 31/52 slots (_ for help) (? for menu, Esc to quit)
You drop a runed broad axe.
You drop a sack of spiders.
Existing waypoints: (1) D:7 (2) D:10 Assign waypoint to what number? (0-9, D - delete waypoint) Waypoint 3 assigned to D:11.
The world spins around you as you enter the gateway.
You enter a bailey!
Found a gate leading back out of this place.
There is an empty arch of ancient stone here.
The orc shouts!
The orc shoots a bolt.
You block the bolt.
You see here a bolt.
The orc appears out of thin air!
An orc comes into view. It is wielding an arbalest.
Use which ability? (? or * to list)
Press: ? - help, Shift-Dir - straight line, f - orc
Aim: an orc, wielding an arbalest and wearing a scale mail (hasn't noticed you)
The splash of poison misses the orc.
You feel slightly more hungry.
The orc shoots a bolt.
The bolt hits you but does no damage.
The orc shoots a bolt.
You block the bolt.
You see here a bolt.
You have got your breath back.
Use which ability? (? or * to list)
Press: ? - help, Shift-Dir - straight line, f/p - orc
Aim: an orc, wielding an arbalest and wearing a scale mail (hasn't noticed you)
The splash of poison misses the orc.
You feel slightly more hungry.
You enter the shallow water.
Moving in this stuff is going to be slow.
You have got your breath back.
The orc shouts!
You hit the orc.
You kill the orc!
Okawaru accepts your kill.
The orc shoots a bolt.
You block the bolt.
You hear a splash.
d - 32 bolts
Things that are here:
an arbalest; a scale mail; an orc corpse You butcher the orc corpse.
h - 10 chunks of flesh (gained 2)
Things that are here:
an arbalest; a scale mail
f - an arbalest The orc shoots a bolt.
The bolt barely misses you.
The orc shoots a bolt.
You block the bolt.
You see here a bolt.
The orc shoots a bolt.
You block the bolt.
You see here a bolt.
Press: ? - help, . - travel You can't see that place. [a teleport trap.]
The orc shoots a bolt.
You block the bolt.
You see here a bolt.
The orc shoots a bolt.
You block the bolt.
You see here a bolt.
The orc shoots a bolt.
The bolt hits you but does no damage.
You see here a bolt.
The orc shoots a bolt.
You block the bolt.
You see here a bolt.
The orc shoots a bolt.
The bolt completely misses you.
You see here a bolt.
The orc warrior shouts!
The orc warrior shoots a bolt.
You block the bolt.
You see here a bolt.
The orc warrior shoots a bolt.
You block the bolt.
You see here a bolt.
Found a gate leading back out of this place.
Some of the chunks of flesh in your inventory have rotted away.
The orc shouts!
The orc shoots a bolt.
The bolt hits you.
You see here a bolt.
The orc shoots a bolt.
The bolt hits you but does no damage.
You see here a bolt.
The orc shoots a bolt.
You block the bolt.
You see here a bolt.
The orc shoots a bolt.
You block the bolt.
You see here a bolt.
The orc shoots a bolt.
You block the bolt.
You see here a bolt.
The orc shoots a bolt.
The bolt hits you but does no damage.
Found a gate leading back out of this place.
An orc warrior comes into view. It is wielding an arbalest.
The orc shoots a bolt.
You block the bolt.
You see here a bolt.
The orc warrior shouts!
The orc warrior shoots a bolt.
The bolt hits you!
The orc shoots a bolt.
You block the bolt.
You see here a bolt.
The orc warrior shoots a bolt.
You block the bolt.
Use which ability? (? or * to list)
Press: ? - help, Shift-Dir - straight line, f - orc warrior
Aim: an orc warrior, wielding an arbalest and wearing a ring mail The splash of poison misses the orc warrior.
You are feeling hungry.
The orc shoots a bolt.
The bolt hits you but does no damage.
The orc warrior shoots a bolt.
You block the bolt.
The orc shoots a bolt.
You block the bolt.
The orc warrior shoots a bolt.
You block the bolt.
You see here 2 bolts.
The orc shoots a bolt.
The bolt hits you but does no damage.
The orc warrior shoots a bolt.
The bolt hits you.
You see here 2 bolts.
The orc warrior shoots a bolt.
You block the bolt.
You see here a bolt.
The orc shoots a bolt.
You block the bolt.
The orc warrior shoots a bolt.
The bolt hits you!
You see here a bolt.
You have got your breath back.
The orc shoots a bolt.
You block the bolt.
The orc warrior shoots a bolt.
The bolt hits you!!
The orc shouts!
You see here a bolt.
Use which ability? (? or * to list)
Press: ? - help, Shift-Dir - straight line, f/p - orc warrior
Aim: an orc warrior, wielding an arbalest and wearing a ring mail The splash of poison misses the orc warrior.
You feel slightly more hungry.
The orc shoots a bolt.
You block the bolt.
The orc shoots a bolt.
The bolt hits you but does no damage.
The orc warrior shoots a bolt.
The bolt hits you.
* * * LOW HITPOINT WARNING * * *
The orc shouts!
The orc shoots a bolt.
You block the bolt.
The orc shoots a bolt.
The bolt hits you but does no damage.
The orc warrior shoots a bolt.
You block the bolt.
You see here 3 bolts.
The orc shoots a bolt.
You block the bolt.
The orc shoots a bolt.
You block the bolt.
You see here 2 bolts.
You slice the orc warrior!!
There is a sudden explosion of sparks!
You kill the orc warrior!
Okawaru accepts your kill.
You hear a splash. x3
The orc shoots a bolt.
You block the bolt.
The orc shoots a bolt.
You block the bolt.
The orc shoots a bolt.
The bolt hits you!
* * * LOW HITPOINT WARNING * * *
You have got your breath back.
The orc shoots a bolt.
You block the bolt.
You see here a bolt.
The orc shoots a bolt.
The bolt hits you but does no damage.
The orc unwields an uncursed arbalest.
The orc completely misses you.
You see here a bolt.
You barely miss the orc.
The orc shoots a bolt.
The bolt hits you but does no damage.
You slash the orc!
You kill the orc!
Okawaru accepts your kill.
The orc shoots a bolt.
The bolt hits you.
* * * LOW HITPOINT WARNING * * *
You see here a bolt.
The orc shoots a bolt.
You block the bolt.
The orc shoots a bolt.
You block the bolt.
You see here a bolt.
The orc shoots a bolt.
The bolt hits you but does no damage.
You see here a bolt.
The orc shoots a bolt.
The bolt hits you.
* * * LOW HITPOINT WARNING * * *
You see here a bolt.
The orc shoots a bolt.
You block the bolt.
You see here a bolt.
There is a gate leading back out of this place here.
Eat one of 6 chunks of flesh? (ye/n/q/i?) This raw flesh tastes terrible.
You continue eating. x2
You start resting.
The orc shouts!
The orc shoots a bolt.
The bolt hits you but does no damage.
Use which ability? (? or * to list)
Press: ? - help, Shift-Dir - straight line, f - orc
Aim: an orc, wielding an arbalest and wearing a ring mail The splash of poison hits the orc.
The orc appears unharmed.
You feel slightly more hungry.
The orc shoots a bolt.
You block the bolt.
The orc shoots a bolt.
You block the bolt.
You have got your breath back.
The orc shoots a bolt.
You block the bolt.
Use which ability? (? or * to list)
Press: ? - help, Shift-Dir - straight line, f/p - orc
Aim: an orc, wielding an arbalest and wearing a ring mail The splash of poison hits the orc.
The orc is poisoned.
You kill the orc!
Your Axes skill increases to level 15!
You feel slightly more hungry.
You start resting.
You have got your breath back.
You start resting.
All of the chunks of flesh in your inventory have rotted away.
You start resting.
An orc warrior comes into view. It is wielding an arbalest.
Use which ability? (? or * to list)
Press: ? - help, Shift-Dir - straight line, f - orc warrior
Aim: an orc warrior, wielding an arbalest and wearing a scale mail (hasn't noticed you)
The splash of poison hits the orc warrior.
The orc warrior is moderately wounded.
The orc warrior shouts!
You feel slightly more hungry.
The orc warrior shoots a bolt.
You block the bolt.
There is a gate leading back out of this place here.
You see here 5 bolts.
The orc warrior shoots a bolt.
You block the bolt.
You see here a bolt.
The orc warrior shoots a bolt.
You block the bolt.
You see here 2 bolts.
You have got your breath back.
The orc warrior shoots a bolt.
You block the bolt.
You see here 2 bolts.
Use which ability? (? or * to list)
Press: ? - help, Shift-Dir - straight line, f/p - orc warrior
Aim: an orc warrior, wielding an arbalest and wearing a scale mail (moderately wounded)
The splash of poison hits the orc warrior.
The orc warrior appears unharmed.
The orc warrior is moderately wounded.
You feel slightly more hungry.
You slash the orc warrior!
There is a sudden explosion of sparks!
You kill the orc warrior!
Okawaru accepts your kill.
No target in view!
No target in view!
You have got your breath back.
d - 42 bolts (gained 10)
Things that are here:
an arbalest; a scale mail
d - 44 bolts (gained 2)
d - 46 bolts (gained 2)
d - 47 bolts (gained 1)
d - 52 bolts (gained 5)
There is a gate leading back out of this place here.
You start resting.
HP restored.
Things that are here:
an arbalest; a scale mail
d - 53 bolts (gained 1)
Things that are here:
an arbalest; a scale mail The orc warrior shoots a bolt.
You block the bolt.
You see here a bolt.
The orc warrior shoots a bolt.
The bolt hits you!
You see here a bolt.
The orc warrior shoots a bolt.
The bolt hits you.
You see here a bolt.
Use which ability? (? or * to list)
Press: ? - help, Shift-Dir - straight line, f - orc warrior
Aim: an orc warrior, wielding an arbalest and wearing a ring mail The splash of poison hits the orc warrior.
The orc warrior is poisoned.
The orc warrior is heavily wounded.
You feel slightly more hungry.
The orc warrior shoots a bolt.
You block the bolt.
You have got your breath back.
The orc shouts!
The orc warrior unwields an uncursed arbalest.
You block the orc warrior's attack.
You miss the orc warrior.
The orc warrior is heavily wounded.
You slash the orc warrior!
There is a sudden explosion of sparks!
You kill the orc warrior!
Okawaru accepts your kill.
You are feeling hungry.
The orc shoots a bolt.
You block the bolt.
The orc shoots a bolt.
The bolt barely misses you.
The orc shoots a bolt.
You block the bolt.
The orc shoots a bolt.
You block the bolt.
You hear a shout!
You see here a bolt.
You enter the shallow water.
Moving in this stuff is going to be slow.
The orc warrior shouts!
The orc warrior shoots a bolt.
You block the bolt.
You hear a splash.
The orc shoots a bolt.
You block the bolt.
You hear a splash.
The orc warrior appears out of thin air!
An orc warrior comes into view. It is wielding an arbalest.
The orc warrior shoots a bolt.
The bolt hits you!!
You see here 2 bolts.
The orc unwields an uncursed arbalest.
The orc hits you but does no damage.
The orc warrior shoots a bolt.
You block the bolt.
You hear a splash.
The orc unwields an uncursed arbalest.
You block the orc's attack. You block the orc's attack.
The orc hits you but does no damage.
You see here a bolt.
The orc warrior shouts!
You hit the orc.
There is a sudden explosion of sparks!
You kill the orc!
Okawaru accepts your kill.
You hear a splash. x3
You hit the orc.
There is a sudden explosion of sparks!
You kill the orc!
You hear a splash. x3
The orc warrior shoots a bolt.
You block the bolt.
You hear a splash.
The orc warrior shoots a bolt.
You block the bolt.
You hear a splash.
The orc warrior shoots a bolt.
The bolt hits you.
You hear a splash.
You see here 2 bolts.
The orc warrior shoots a bolt.
The bolt hits you but does no damage.
Items here: ( ) [ † an uncursed arbalest; 11 bolts; a ring mail; an orc corpse The orc warrior shoots a bolt.
The bolt hits you!
You see here a bolt.
Use which ability? (? or * to list)
Press: ? - help, Shift-Dir - straight line, f - orc warrior
Aim: an orc warrior, wielding an arbalest and wearing a scale mail The splash of poison hits the orc warrior.
The orc warrior is poisoned.
The orc warrior is moderately wounded.
You feel slightly more hungry.
The orc warrior shoots a bolt.
The bolt hits you!
* * * LOW HITPOINT WARNING * * *
You hear a shout!
You see here a bolt.
An orc warrior comes into view. It is wielding an arbalest.
The orc warrior shoots a bolt.
You block the bolt.
You see here a bolt.
You have got your breath back.
The orc warrior unwields an uncursed arbalest.
The orc warrior splashes around in the water.
Items here: ( ) [ † an uncursed arbalest; 11 bolts; a ring mail; an orc corpse Use which ability? (? or * to list)
Press: ? - help, Shift-Dir - straight line, f - orc warrior, p - orc warrior
Aim: an orc warrior, wielding an arbalest and wearing a scale mail The splash of poison hits the orc warrior.
The orc warrior is severely wounded.
You feel slightly more hungry. You block the orc warrior's attack.
You slash the orc warrior!
You kill the orc warrior!
Okawaru accepts your kill.
You hear a splash. x3
You enter the shallow water.
Moving in this stuff is going to be slow.
The orc warrior shoots a bolt.
The bolt hits you!
* * * LOW HITPOINT WARNING * * *
You hear a splash.
The orc warrior shoots a bolt.
You block the bolt.
You hear a splash.
Items here: ( ) [ † an uncursed arbalest; a scale mail; 21 bolts; an orc corpse The orc warrior shoots a bolt.
You block the bolt.
You hear a splash.
The orc warrior shoots a bolt.
You block the bolt.
You hear a splash.
The orc warrior shoots a bolt.
The bolt hits you!
* * * LOW HITPOINT WARNING * * *
You hear a splash.
You see here 5 bolts.
Drink which item? (? for menu, Esc to quit)
Okay, then.
Read which item? (? for menu, Esc to quit)
Blink to where?
Press: ? - help, Dir - move target cursor, p - orc warrior You are very lightly contaminated with residual magic.
As you read the scroll of blinking, it crumbles to dust.
An orc comes into view. It is wielding an arbalest.
You have got your breath back.
Use which ability? (? or * to list)
Press: ? - help, Shift-Dir - straight line, f - orc
Aim: an orc, wielding an arbalest and wearing a scale mail (hasn't noticed you)
The splash of poison hits the orc.
The orc is poisoned.
The orc is moderately wounded.
You feel slightly more hungry.
The orc shoots a bolt.
You block the bolt.
The orc shoots a bolt.
You block the bolt.
You see here a bolt.
You have got your breath back.
The orc shoots a bolt.
You block the bolt.
You see here a bolt.
Use which ability? (? or * to list)
Press: ? - help, Shift-Dir - straight line, f/p - orc
Aim: an orc, wielding an arbalest and wearing a scale mail (heavily wounded, poisoned)
The splash of poison hits the orc.
The orc looks even sicker.
You kill the orc!
You feel slightly more hungry.
Eat which item? (? for menu, Esc to quit)
Okay, then.
d - 55 bolts (gained 2)
You have got your breath back.
You see here a bolt.
Things that are here:
an arbalest; 19 bolts; a scale mail
There is a gate leading back out of this place here.
You start resting.
The orc warrior shoots a bolt.
You block the bolt.
You see here a bolt.
Use which ability? (? or * to list)
Press: ? - help, Shift-Dir - straight line, f - orc warrior
Aim: an orc warrior, wielding an arbalest and wearing a scale mail The splash of poison misses the orc warrior.
You feel slightly more hungry.
The orc warrior shoots a bolt.
The bolt hits you but does no damage.
The orc warrior shoots a bolt.
You block the bolt.
You see here a bolt.
You have got your breath back.
Use which ability? (? or * to list)
Press: ? - help, Shift-Dir - straight line, f/p - orc warrior
Aim: an orc warrior, wielding an arbalest and wearing a scale mail The splash of poison hits the orc warrior.
The orc warrior appears unharmed.
You feel slightly more hungry.
The orc warrior shoots a bolt.
You block the bolt.
The orc warrior shoots a bolt.
The bolt hits you!!
* * * LOW HITPOINT WARNING * * *
You see here a bolt.
Unknown command.
Drink which item? (? for menu, Esc to quit)
You feel better.
The orc warrior shoots a bolt.
The bolt hits you but does no damage.
The orc warrior unwields an uncursed arbalest.
The orc warrior hits you.
* * * LOW HITPOINT WARNING * * *
You see here 3 bolts.
You slash the orc warrior!
The orc warrior is moderately wounded.
You have got your breath back.
You block the orc warrior's attack.
You hit the orc warrior but do no damage.
The orc warrior is moderately wounded.
You block the orc warrior's attack.
You barely miss the orc warrior.
The orc warrior is moderately wounded.
You block the orc warrior's attack.
You closely miss the orc warrior.
The orc warrior is moderately wounded.
The orc warrior hits you.
* * * LOW HITPOINT WARNING * * *
You barely miss the orc warrior.
The orc warrior is moderately wounded.
You block the orc warrior's attack.
You closely miss the orc warrior.
The orc warrior is moderately wounded.
The orc warrior hits you!
* * * LOW HITPOINT WARNING * * *
Drink which item? (? for menu, Esc to quit)
You feel better. You block the orc warrior's attack.
You closely miss the orc warrior.
The orc warrior is moderately wounded.
You block the orc warrior's attack.
You hit the orc warrior.
The orc warrior is heavily wounded.
The orc warrior hits you.
* * * LOW HITPOINT WARNING * * *
You closely miss the orc warrior.
The orc warrior is heavily wounded.
You block the orc warrior's attack.
Your magical contamination has completely faded away.
You closely miss the orc warrior.
The orc warrior is heavily wounded.
You block the orc warrior's attack.
You closely miss the orc warrior.
The orc warrior is heavily wounded.
The orc warrior hits you!
You die...

≈≈≈≈≈≈o≈≈.....(#
≈≈≈≈≈≈≈≈≈....((#
≈≈≈≈#.#≈≈......#
≈≈##.##≈....(.#
.^..≈..)(..#
#.##≈......#
≈≈≈≈≈≈≈≈≈≈#.#≈≈.(.(..#
≈≈≈≈≈≈≈≈≈≈≈≈≈≈)(o....#
................@....#
..............).((..)#
.................((..#
..................((.#
..................((.#
........(((((.((((..∩#
######################


You could see an orc warrior.

Vanquished Creatures
  Monster Symbol All '5' Grinder (D:3)
  7 crimson imps (D:2 D:5 D:7 D:9 D:10)
  3 shadow imps (D:4 D:5 D:10)
11 creatures vanquished. All '@' Sigmund (D:5)
1 creature vanquished. All 'C' A hill giant (D:11) 2 cyclopes (D:7 D:10)
3 creatures vanquished. All 'F' 5 giant frogs (D:6 D:7 D:8 D:9)
5 creatures vanquished. All 'H' A griffon (D:10) 6 hippogriffs (D:5 D:6 D:10)
7 creatures vanquished. All 'J' 3 jellies (D:6 D:8 D:9)
3 creatures vanquished. All 'K' Pikel (D:7) A big kobold (D:6) 12 kobolds (D:1 D:2 D:3 D:7)
14 creatures vanquished. All 'O' 4 ogres (D:6 D:8 D:10)
4 creatures vanquished. All 'S' 12 adders (D:2 D:3 D:4 D:5 D:6) 2 ball pythons (D:2 D:3)
14 creatures vanquished. All 'W' A freezing wraith (D:10) A phantom (D:6)
2 creatures vanquished. All 'Y' 6 yaks (D:9) A sky beast (D:6) 2 ice beasts (D:8) 2 sheep (D:7)
11 creatures vanquished. All 'Z' A giant frog zombie (D:10) A centaur zombie (D:8) A giant frog skeleton (D:8) 2 killer bee zombies (D:3 D:10) 2 hound zombies (D:8 D:10) 4 hound skeletons (D:5 D:6 D:8) An adder zombie (D:9) An adder skeleton (D:6) A giant gecko skeleton (D:4) 2 jackal zombies (D:7) A quokka zombie (D:8)
17 creatures vanquished. All 'a' A queen ant (D:8) 7 soldier ants (D:8) 30 worker ants (D:4 D:6 D:7 D:8 D:9)
38 creatures vanquished. All 'b' 10 bats (D:1 D:2 D:3)
10 creatures vanquished. All 'c' 8 centaurs (D:5 D:6 D:7 D:8 D:9)
8 creatures vanquished. All 'e' 2 deep elf magi (D:9 D:10) Duvessa (D:5) Dowan (D:5)
4 creatures vanquished. All 'g' 3 gnolls (D:6) 7 hobgoblins (D:1 D:2 D:3) 7 goblins (D:1 D:2 D:3 D:11)
17 creatures vanquished. All 'h' A black bear (D:8) 4 hounds (D:8 D:10) 8 jackals (D:3)
13 creatures vanquished. All 'i' A spriggan (D:7)
1 creature vanquished. All 'l' 2 wyverns (D:8 D:10) 2 iguanas (D:5 D:9) 10 giant geckos (D:2 D:3 D:6 D:7 D:8) 5 giant newts (D:1 D:2 D:3 D:5)
19 creatures vanquished. All 'n' A necrophage (D:5)
1 creature vanquished. All 'o' 11 orc warriors (D:4 D:5 D:6 D:8 D:9) 7 orc priests (D:3 D:4 D:7 D:8 D:9) 11 orc wizards (D:3 D:4 D:8 D:9 D:10) 49 orcs (D:3 D:4 D:6 D:7 D:8)
78 creatures vanquished. All 'p' A wizard (D:10) 4 slaves (D:7)
5 creatures vanquished. All 'r' 6 quokkas (D:2 D:6 D:7 D:8 D:10) 12 rats (D:1 D:2 D:3)
18 creatures vanquished. All 's' A trapdoor spider (D:9) 2 scorpions (D:4 D:8) 4 giant cockroaches (D:1 D:3 D:4 D:5)
7 creatures vanquished. All 'w' Gastronok (D:9) 4 worms (D:2 D:5)
5 creatures vanquished. All 'y' A wasp (D:10) 2 killer bees (D:8 D:10)
3 creatures vanquished. All 'z' 4 wights (D:10)
4 creatures vanquished.
323 creatures vanquished. Monster Nature Uniques Gastronok (D:9) Pikel (D:7) Grinder (D:3) Sigmund (D:5) Duvessa (D:5) Dowan (D:5)
6 creatures vanquished. Natural Monsters A queen ant (D:8) A wizard (D:10) A hill giant (D:11) A griffon (D:10) 2 cyclopes (D:7 D:10) A spriggan (D:7) 2 deep elf magi (D:9 D:10) A trapdoor spider (D:9) 2 wyverns (D:8 D:10) 6 yaks (D:9) 6 hippogriffs (D:5 D:6 D:10) 7 soldier ants (D:8) 11 orc warriors (D:4 D:5 D:6 D:8 D:9) A sky beast (D:6) 2 ice beasts (D:8) A wasp (D:10) A black bear (D:8) 4 slaves (D:7) 4 ogres (D:6 D:8 D:10) 8 centaurs (D:5 D:6 D:7 D:8 D:9) A big kobold (D:6) 5 giant frogs (D:6 D:7 D:8 D:9) 2 killer bees (D:8 D:10) 2 scorpions (D:4 D:8) 4 hounds (D:8 D:10) 3 jellies (D:6 D:8 D:9) 7 orc priests (D:3 D:4 D:7 D:8 D:9) 11 orc wizards (D:3 D:4 D:8 D:9 D:10) 30 worker ants (D:4 D:6 D:7 D:8 D:9) 2 iguanas (D:5 D:9) 2 sheep (D:7) 12 adders (D:2 D:3 D:4 D:5 D:6) 3 gnolls (D:6) 4 worms (D:2 D:5) 10 giant geckos (D:2 D:3 D:6 D:7 D:8) 49 orcs (D:3 D:4 D:6 D:7 D:8) 2 ball pythons (D:2 D:3) 10 bats (D:1 D:2 D:3) 7 hobgoblins (D:1 D:2 D:3) 8 jackals (D:3) 6 quokkas (D:2 D:6 D:7 D:8 D:10) 4 giant cockroaches (D:1 D:3 D:4 D:5) 5 giant newts (D:1 D:2 D:3 D:5) 7 goblins (D:1 D:2 D:3 D:11) 12 kobolds (D:1 D:2 D:3 D:7) 12 rats (D:1 D:2 D:3)
283 creatures vanquished. Undead Monsters A freezing wraith (D:10) A phantom (D:6) A necrophage (D:5) 4 wights (D:10) A giant frog zombie (D:10) A centaur zombie (D:8) A giant frog skeleton (D:8) 2 killer bee zombies (D:3 D:10) 2 hound zombies (D:8 D:10) 4 hound skeletons (D:5 D:6 D:8) An adder zombie (D:9) An adder skeleton (D:6) A giant gecko skeleton (D:4) 2 jackal zombies (D:7) A quokka zombie (D:8)
24 creatures vanquished. Demonic Monsters 7 crimson imps (D:2 D:5 D:7 D:9 D:10) 3 shadow imps (D:4 D:5 D:10)
10 creatures vanquished.
323 creatures vanquished. Ascending Order Gastronok (D:9) A queen ant (D:8) A wizard (D:10) A hill giant (D:11) Pikel (D:7) A griffon (D:10) A freezing wraith (D:10) Grinder (D:3) A spriggan (D:7) Sigmund (D:5) A trapdoor spider (D:9) Duvessa (D:5) A sky beast (D:6) A phantom (D:6) A necrophage (D:5) A wasp (D:10) A black bear (D:8) A big kobold (D:6) Dowan (D:5) A giant frog zombie (D:10) A centaur zombie (D:8) A giant frog skeleton (D:8) An adder zombie (D:9) An adder skeleton (D:6) A giant gecko skeleton (D:4) A quokka zombie (D:8) 2 cyclopes (D:7 D:10) 2 deep elf magi (D:9 D:10) 2 wyverns (D:8 D:10) 2 ice beasts (D:8) 2 killer bees (D:8 D:10) 2 scorpions (D:4 D:8) 2 iguanas (D:5 D:9) 2 sheep (D:7) 2 killer bee zombies (D:3 D:10) 2 hound zombies (D:8 D:10) 2 ball pythons (D:2 D:3) 2 jackal zombies (D:7) 3 jellies (D:6 D:8 D:9) 3 gnolls (D:6) 3 shadow imps (D:4 D:5 D:10) 4 slaves (D:7) 4 ogres (D:6 D:8 D:10) 4 wights (D:10) 4 hounds (D:8 D:10) 4 hound skeletons (D:5 D:6 D:8) 4 worms (D:2 D:5) 4 giant cockroaches (D:1 D:3 D:4 D:5) 5 giant frogs (D:6 D:7 D:8 D:9) 5 giant newts (D:1 D:2 D:3 D:5) 6 yaks (D:9) 6 hippogriffs (D:5 D:6 D:10) 6 quokkas (D:2 D:6 D:7 D:8 D:10) 7 soldier ants (D:8) 7 crimson imps (D:2 D:5 D:7 D:9 D:10) 7 orc priests (D:3 D:4 D:7 D:8 D:9) 7 hobgoblins (D:1 D:2 D:3) 7 goblins (D:1 D:2 D:3 D:11) 8 centaurs (D:5 D:6 D:7 D:8 D:9) 8 jackals (D:3) 10 giant geckos (D:2 D:3 D:6 D:7 D:8) 10 bats (D:1 D:2 D:3) 11 orc warriors (D:4 D:5 D:6 D:8 D:9) 11 orc wizards (D:3 D:4 D:8 D:9 D:10) 12 adders (D:2 D:3 D:4 D:5 D:6) 12 rats (D:1 D:2 D:3) 12 kobolds (D:1 D:2 D:3 D:7) 30 worker ants (D:4 D:6 D:7 D:8 D:9) 49 orcs (D:3 D:4 D:6 D:7 D:8)
323 creatures vanquished.

Notes
Turn   | Place    | Note
--------------------------------------------------------------
     0 | D:1      | Daisuki the Naga Fighter began the quest for the Orb.
     0 | D:1      | Reached XP level 1. HP: 21/21 MP: 1/1
   523 | D:1      | You fall through a shaft!
   541 | D:2      | Reached XP level 2. HP: 18/28 MP: 2/2
   788 | D:2      | Found Zin's Purification Station.
   795 | D:2      | Found a glowing silver altar of Zin.
   849 | D:2      | Reached skill level 3 in Axes
  1252 | D:1      | Found a glowing golden altar of the Shining One.
  1514 | D:2      | Reached XP level 3. HP: 31/34 MP: 3/3
  2056 | D:2      | Reached skill level 4 in Axes
  2056 | D:2      | Reached XP level 4. HP: 33/42 MP: 4/4
  2516 | D:3      | Noticed Grinder
  2533 | D:3      | Killed Grinder
  2533 | D:3      | Reached skill level 6 in Axes
  2533 | D:3      | Reached XP level 5. HP: 49/49 MP: 5/5
  2533 | D:3      | Reached XP level 6. HP: 56/56 MP: 6/6
  2980 | D:3      | Found a blossoming altar of Fedhas.
  3040 | D:3      | Reached skill level 7 in Axes
  3399 | D:3      | Reached XP level 7. HP: 62/62 MP: 7/7
  3829 | D:4      | Reached skill level 8 in Axes
  4005 | D:4      | Found an ancient bone altar of Kikubaaqudgha.
  4617 | D:4      | Reached skill level 9 in Axes
  4617 | D:4      | Reached XP level 8. HP: 69/69 MP: 8/8
  4778 | D:5      | Entered Level 5 of the Dungeon
  4863 | D:5      | Identified a book of Conjurations
  5255 | D:5      | Noticed Sigmund
  5401 | D:5      | Killed Sigmund
  5401 | D:5      | Reached skill level 1 in Evocations
  5403 | D:5      | Reached skill level 2 in Evocations
  5492 | D:5      | Noticed Duvessa
  5493 | D:5      | Noticed Dowan
  5503 | D:5      | Killed Duvessa
  5503 | D:5      | Reached skill level 10 in Axes
  5505 | D:5      | Killed Dowan
  5724 | D:5      | Identified a Grand Grimoire
  5982 | D:5      | Reached skill level 3 in Evocations
  6127 | D:5      | Reached XP level 9. HP: 16/75 MP: 11/11
  6929 | D:6      | Reached skill level 11 in Axes
  6940 | D:6      | Found a shadowy altar of Dithmenos.
  7001 | D:6      | Reached skill level 4 in Evocations
  7120 | D:6      | Identified a book of Burglary
  7211 | D:6      | Found a staircase to the Ecumenical Temple.
  7220 | Temple   | Entered the Ecumenical Temple
  7320 | Temple   | Became a worshipper of Warmaster Okawaru
  7348 | D:6      | Found a shattered altar of Ashenzari.
  7512 | D:6      | Found a stormy altar of Qazlal.
  7546 | D:6      | Reached skill level 1 in Invocations
  7997 | D:7      | Reached skill level 2 in Invocations
  8167 | D:7      | Noticed Pikel
  8207 | D:6      | Reached skill level 5 in Evocations
  8211 | D:6      | Acquired Okawaru's first power
  8563 | D:7      | Reached skill level 12 in Axes
  8563 | D:7      | Reached skill level 3 in Invocations
  8563 | D:7      | Reached XP level 10. HP: 44/84 MP: 11/13
  8784 | D:7      | Noticed a cyclops
  8859 | D:7      | Killed a cyclops
  9345 | D:7      | Killed Pikel
  9345 | D:7      | Reached skill level 4 in Invocations
  9345 | D:7      | Reached skill level 6 in Evocations
  9977 | D:8      | Identified a book of Hinderance
 10524 | D:8      | Found a radiant altar of Vehumet.
 10662 | D:8      | Reached skill level 13 in Axes
 10671 | D:8      | Reached skill level 5 in Invocations
 10671 | D:8      | HP: 3/84 [orc warrior/trident (19)]
 11364 | D:8      | Noticed a queen ant
 11378 | D:8      | Killed a queen ant
 11441 | D:8      | Reached XP level 11. HP: 88/90 MP: 16/16
 11515 | D:8      | Reached skill level 7 in Evocations
 11730 | D:8      | Found a radiant altar of Vehumet.
 12122 | D:8      | Reached skill level 6 in Invocations
 12262 | D:8      | Acquired Okawaru's second power
 13517 | D:9      | Gained mutation: You are partially covered in rough black scales (AC +4, Dex -1). [potion of beneficial mutation]
 13571 | D:9      | Noticed Gastronok
 13600 | D:9      | Killed Gastronok
 13600 | D:9      | Reached skill level 14 in Axes
 13600 | D:9      | Reached skill level 7 in Invocations
 13950 | D:10     | Entered Level 10 of the Dungeon
 13989 | D:10     | Found a sparkling altar of Nemelex Xobeh.
 14109 | D:10     | Reached skill level 8 in Evocations
 14321 | D:10     | Received a gift from Okawaru
 14783 | D:10     | Noticed a wizard
 14792 | D:10     | Killed a wizard
 14796 | D:10     | Reached XP level 12. HP: 48/97 MP: 18/18
 14804 | D:10     | Received a gift from Okawaru
 14804 | D:10     | Reached skill level 8 in Invocations
 14805 | D:10     | Got a slimy naga barding {god gift}
 14811 | D:10     | Identified the +0 naga barding "Kihodakh" {god gift, Dex+7, #2} (Okawaru gifted it to you on level 10 of the Dungeon)
 14899 | D:10     | Gained mutation: Your mind is acute. (Int +2) [potion of mutation]
 14899 | D:10     | Gained mutation: You are occasionally teleported to nearby monsters. [potion of mutation]
 14900 | D:10     | Lost mutation: Your mind is acute. (Int +2) [potion of cure mutation]
 14900 | D:10     | Lost mutation: You are partially covered in rough black scales (AC +4, Dex -1). [potion of cure mutation]
 14900 | D:10     | Lost mutation: You are occasionally teleported to nearby monsters. [potion of cure mutation]
 15534 | D:11     | Found a flagged portal.
 15552 | Bailey   | Entered a bailey
 15734 | Bailey   | Reached skill level 15 in Axes
 15971 | Bailey   | HP: 3/97 [orc warrior (11)]
 15977 | Bailey   | Slain by an orc warrior

Vault maps used:
D:1:      dpeg_cavernosity, tso_metal_star
D:2:      zin_purify
D:3:      fedhas_altar_2, first_bread, uniq_grinder
D:4:      lemuel_crystal_altar, minmay_misc_feat_hallway,
          guppyfry_early_orc_mine
D:5:      st_stairs_9, uniq_sigmund, uniq_duvessa
D:6:      lemuel_crystal_altar, kennysheep_mini_moat,
          cheibrodos_ashenzari_chains, minmay_temple_entry_glass
D:7:      the_bakery, uniq_pikel
D:8:      nicolae_overflow_crystal_walls, zaba_antful_of_joy
D:9:      uniq_gastronok
D:10:     basic_altar, minmay_pinched_square
D:11:     erik_lair_orcish_takeover, enter_bailey_3, uniq_sonja, uniq_harold
Temple:   circular_temple_12
Bailey:   bailey_polearm_2, bailey

Action                   |  1- 3 |  4- 6 |  7- 9 | 10-12 || total
-------------------------+-------+-------+-------+-------++-------
Melee: War axe           |    99 |    69 |   301 |   433 ||   902
       Broad axe         |       |       |       |    98 ||    98
Throw: Javelin           |     3 |       |       |       ||     3
Invok: Heroism           |       |       |     1 |     6 ||     7
       Finesse           |       |       |       |     1 ||     1
 Abil: Spit Poison       |    56 |    29 |    85 |    98 ||   268
       Evoke Berserk Rag |       |     1 |     4 |       ||     5
  Use: Scroll            |     4 |       |     9 |    10 ||    23
       Potion            |     1 |       |     5 |     9 ||    15
  Eat: Chunk             |     6 |     6 |    11 |    21 ||    44
       Meat ration       |       |       |     2 |     1 ||     3
